[Event "Budapest One Week IM-A 03-2025"]
[Site "Budapest"]
[Date "2025.03.18"]
[Round "2.2"]
[White "Singh, Siddharth"]
[Black "Krizsany, Laszlo"]
[Result "1/2-1/2"]
[Annotator "RC"]
[ECO "B12"]
[WhiteElo "2239"]
[BlackElo "2287"]
[PlyCount "73"]
[EventDate "2025.03.17"]
[EventType "tourn"]
[EventCountry "HUN"]
[SourceTitle "playchess.com"]
[Source "ChessBase"]
[SourceQuality "1"]
[TimeControl "5400+30"]

1. e4 c6 2. d4 d5 3. e5 Bf5 4. Nf3 e6 5. Be2 c5 6. c3 Nc6 7. O-O cxd4 8. Nxd4 Nge7 9. Bb5 Bxb1 10. Bg5 Qd7 11. Rxb1 a6 12. Bxe7 Bxe7 13. Qa4 Rc8 14. Bxc6 bxc6 15. Nf3 O-O 16. c4 Qb7 17. Qc2 a5 18. b3 Qa6 19. c5 Qa7 20. Rbc1 Rb8 21. Nd4 Rfc8 22. a3 Bf8 23. f4 g6 24. g4 Qc7 25. g5 Qe7 26. Qd2 Qa7 27. Qc3 h6 28. h4 h5 29. Qc2 Kg7 30. Kg2 Be7 31. Rf3 Rc7 32. Qc3 Kg8 33. Rg3 Bf8 34. Qc2 Bg7 35. Qc3 Bf8 36. Qc2 Bg7 37. Qc3 1/2-1/2

[Event "Budapest One Week IM-A 03-2025"]
[Site "Budapest"]
[Date "2025.03.18"]
[Round "2.3"]
[White "Ratsma, Midas"]
[Black "Nakahara, Kan"]
[Result "1/2-1/2"]
[Annotator "RC"]
[ECO "C45"]
[WhiteElo "2268"]
[BlackElo "2113"]
[PlyCount "67"]
[EventDate "2025.03.17"]
[EventType "tourn"]
[EventCountry "HUN"]
[SourceTitle "playchess.com"]
[Source "ChessBase"]
[SourceQuality "1"]
[TimeControl "5400+30"]

1. e4 e5 2. Nf3 Nc6 3. d4 exd4 4. Nxd4 Nf6 5. Nxc6 bxc6 6. e5 Nd5 7. c4 Nb6 8. Bd3 Bb4+ 9. Nc3 O-O 10. O-O Re8 11. Re1 d5 12. exd6 cxd6 13. Bg5 Rxe1+ 14. Qxe1 f6 15. Qe4 g6 16. Bh4 Bxc3 17. bxc3 Bf5 18. Qf3 Bxd3 19. Qxd3 Qe7 20. f3 Qe6 21. c5 dxc5 22. Re1 Qxa2 23. Bxf6 Qf7 24. Qd6 Re8 25. Re7 Rxe7 26. Bxe7 Qd5 27. Qb8+ Kf7 28. Qf8+ Ke6 29. Qf6+ Kd7 30. Qg7 Qd1+ 31. Kf2 Qd2+ 32. Kf1 Qd3+ 33. Kf2 Qd2+ 34. Kf1 1/2-1/2

[Event "Budapest One Week IM-A 03-2025"]
[Site "Budapest"]
[Date "2025.03.18"]
[Round "2.4"]
[White "Foldes, Marton Gabor"]
[Black "Tscheuschner, Georg"]
[Result "1-0"]
[Annotator "RC"]
[ECO "B95"]
[WhiteElo "2332"]
[BlackElo "2236"]
[PlyCount "59"]
[EventDate "2025.03.17"]
[EventType "tourn"]
[EventCountry "HUN"]
[SourceTitle "playchess.com"]
[Source "ChessBase"]
[SourceQuality "1"]
[TimeControl "5400+30"]

1. e4 c5 2. Nf3 d6 3. d4 cxd4 4. Nxd4 Nf6 5. Nc3 a6 6. Bg5 e6 7. Qf3 Nbd7 8. O-O-O Qc7 9. Qg3 b5 10. Bxb5 axb5 11. Ndxb5 Qb7 12. Nxd6+ Bxd6 13. Qxd6 Ra6 14. Qg3 O-O 15. f3 e5 16. h4 Rb6 17. h5 Rxb2 18. Bh6 g6 19. hxg6 fxg6 20. Bxf8 Kxf8 21. f4 Nxe4 22. Qh4 Qc7 23. Rd3 Ba6 24. Rf3 Be2 25. Re3 Nxc3 26. Rxc3 Qxc3 27. Qd8+ Kf7 28. Rxh7+ Ke6 29. Qxd7+ Kf6 30. Rf7# 1-0